Map: Babylon LE

Players

BoneSaw

  • Race: Protoss Protoss
  • League: Platinum
  • Spawn Location: 5:00

Karlseen - Winner!

  • Race: Protoss Protoss
  • League: Platinum
  • Spawn Location: 11:00

VOD

Have the link to the VOD?

Description

Time

  • Played on: March 1, 2023, 10:44 p.m.
  • Length: 9:35
Show
View Real Time Build Order
Export as new Build Order

BoneSaw Protoss 

Build Orders:  

Get SALT Encoding   

  12  0:00  Probe  
  13  0:14  Pylon  
  13  0:18  Probe  
  14  0:34  Gateway  
  14  0:40  Assimilator, Probe  
  15  0:52  Probe  
  16  1:01  Gateway  
  16  1:11  Probe  
  17  1:12  Assimilator  
  17  1:23  Probe  
  18  1:32  Pylon  
  18  1:35  Cybernetics Core  
  18  1:42  Probe  
  19  1:54  Probe  
  20  2:06  Probe  
  21  2:09  Adept x2 (Chrono Boost)  
  25  2:18  Probe  
  26  2:30  Warp Gate  
  26  2:48  Nexus  
  26  2:53  Twilight Council  
  26  3:01  Probe  
  29  3:09  Sentry (Chrono Boost)  
  29  3:30  Stalker  
  29  3:42  Pylon  
  29  4:00  Dark Shrine  
  29  4:04  Pylon  
  29  4:14  Probe x2  
  31  4:20  Stalker x2  
  35  4:26  Probe x2  
  35  4:36  Pylon  
  35  4:38  Probe x2  
  35  4:50  Stalker x2, Probe x2  
  32  5:07  Probe  
  32  5:13  Dark Templar x2  
  38  5:19  Probe  
  31  5:37  Probe  
  31  5:39  Nexus  
  32  5:48  Dark Templar  
  32  5:49  Dark Templar, Probe  
  33  6:01  Pylon, Probe  
  34  6:13  Probe  
  35  6:24  Stargate  
  35  6:25  Probe  
  35  6:29  Shield Battery  
  36  6:33  Pylon  
  36  6:38  Probe  
  35  6:50  Probe  
  36  6:57  Probe  
  36  6:59  Robotics Facility  
  35  7:02  Probe  
  35  7:07  Oracle (Chrono Boost)  
  36  7:09  Probe  
  36  7:14  Probe  
  41  7:19  Assimilator  
  41  7:21  Probe  
  42  7:26  Probe  
  42  7:29  Stalker x2  
  47  7:33  Probe  
  48  7:38  Probe  
  49  7:45  Probe  
  49  7:50  Warp Prism, Probe  
  53  7:59  Probe  
  53  8:02  Probe  
  55  8:12  Nexus  
  52  8:15  Probe x2  
  52  8:18  Pylon  
  54  8:20  Pylon  
  54  8:24  Stalker  
  56  8:27  Probe  
  57  8:39  Zealot  
  57  8:40  Probe  
  57  8:41  Probe  
  61  8:45  Gateway  
  61  8:48  Gateway  
  61  8:52  Probe  
  61  8:53  Probe  
  63  8:56  Templar Archives  
  63  9:01  Dark Templar, Pylon  
  65  9:05  Probe  
  54  9:22  Dark Templar  
Show
View Real Time Build Order
Export as new Build Order

Karlseen Protoss - Winner!

Build Orders:  

Get SALT Encoding   

  12  0:00  Probe  
  13  0:14  Pylon  
  13  0:18  Probe  
  14  0:34  Gateway, Probe  
  15  0:48  Gateway  
  15  0:50  Probe  
  16  1:01  Assimilator  
  16  1:03  Assimilator  
  16  1:11  Probe  
  17  1:19  Pylon  
  17  1:23  Probe (Chrono Boost)  
  18  1:28  Cybernetics Core  
  18  1:36  Probe (Chrono Boost)  
  19  1:43  Probe (Chrono Boost)  
  20  1:53  Probe  
  21  1:59  Warp Gate (Chrono Boost)  
  21  2:04  Stalker x2  
  21  2:05  Probe  
  26  2:13  Pylon  
  26  2:34  Robotics Facility  
  26  2:35  Stalker  
  28  2:48  Robotics Facility  
  28  2:57  Stalker  
  30  3:26  Pylon  
  34  3:31  Immortal (Chrono Boost)  
  34  3:40  Immortal (Chrono Boost)  
  38  4:05  Nexus  
  38  4:34  Stalker x2  
  40  4:47  Gateway, Twilight Council  
  40  4:48  Probe (Chrono Boost)  
  39  4:57  Probe (Chrono Boost)  
  40  5:02  Probe (Chrono Boost)  
  39  5:16  Stalker x2  
  43  5:22  Blink (Chrono Boost)  
  43  5:26  Forge  
  37  5:36  Observer x2  
  35  5:54  Stalker x3  
  35  5:55  Probe (Chrono Boost)  
  35  6:04  Probe (Chrono Boost)  
  35  6:09  Probe (Chrono Boost)  
  35  6:14  Probe  
  35  6:15  Protoss Ground Weapons Level 1 (Chrono Boost)  
  37  6:21  Probe  
  38  6:26  Probe  
  38  6:31  Pylon  
  39  6:33  Probe  
  39  6:34  Assimilator  
  39  6:38  Probe  
  40  6:46  Probe  
  41  6:48  Stalker x2  
  41  6:49  Stalker  
  41  6:51  Probe (Chrono Boost)  
  49  7:01  Probe (Chrono Boost)  
  50  7:09  Probe (Chrono Boost)  
  50  7:10  Probe (Chrono Boost)  
  50  7:15  Probe x2 (Chrono Boost)  
  52  7:17  Assimilator  
  52  7:19  Stalker  
  52  7:20  Stalker  
  57  7:24  Stalker  
  57  7:27  Probe x2  
  61  7:39  Probe x2  
  61  7:40  Charge  
  61  7:43  Stalker  
  61  7:44  Stalker  
  67  7:47  Stalker  
  70  7:51  Probe  
  70  7:57  Pylon  
  70  8:00  Pylon  
  70  8:07  Probe  
  68  8:14  Stalker  
  68  8:16  Stalker x2  
  74  8:24  Photon Cannon  
  74  8:29  Nexus  
  74  8:41  Robotics Bay  
  74  8:46  Probe  
  75  8:49  Gateway  
  75  8:59  Stalker x3  
  73  9:25  Probe (Chrono Boost)  
Tags
 
Matchup
PvP
Spawn Locations
Cross Positions
Add a new tag
Caveats
  • Supply blocks, unpowered buildings, or Contaminate may cause inaccurate times.
  • Supply counts are checked every 10 seconds.